 Dungeon Crawl Stone Soup version 0.23.2-1-ga50397a (webtiles) character file.

Game seed: 12596996783899217818

1491 xveg the Slasher (level 8, -1/69 HPs)
             Began as a White Draconian Berserker on May 15, 2019.
             Was a Priest of Trog.
             Killed from afar by an electric eel (8 damage)
             ... with a bolt of electricity
             ... on level 6 of the Dungeon.
             The game lasted 00:07:40 (4978 turns).

xveg the Slasher (White Draconian Berserker)        Turns: 4978, Time: 00:07:40

Health: -1/69      AC:  6    Str: 21    XL:     8   Next: 51%
Magic:  0/8        EV: 14    Int: 13    God:    Trog [***...]
Gold:   275        SH:  6    Dex: 11    Spells: 7/7 levels left

rFire    . . .     SeeInvis .   a - +0 falchion
rCold    + . .     Gourm    .   h - +2 buckler
rNeg     . . .     Faith    .   (armour unavailable)
rPois    .         Spirit   +   (helmet restricted)
rElec    .         Reflect  .   (no cloak)
rCorr    .         Harm     .   (no gloves)
MR       .....                  (no boots)
Stlth    +.........             i - amulet of guardian spirit
HPRegen  0.21/turn              t - +5 ring of intelligence
MPRegen  0.11/turn              (no ring)

@: very slow
A: breathe frost, unfitting armour, cold resistance 1, cold-blooded, AC +6
a: Breathe Frost, Berserk, Trog's Hand, Renounce Religion


You were on level 6 of the Dungeon.
You worshipped Trog.
Trog was most pleased with you.
You were not hungry.

You visited 1 branch of the dungeon, and saw 6 of its levels.

You collected 275 gold pieces.

Inventory:

Hand Weapons
 a - a +0 falchion (weapon)
Armour
 h - a +2 buckler (worn)
 q - a cursed +0 plate armour
Jewellery
 i - an amulet of guardian spirit (around neck)
 t - a +5 ring of intelligence (left hand)
Wands
 f - a wand of polymorph (6)
 u - a wand of flame (23)
 y - a wand of random effects (19)
Scrolls
 c - 6 scrolls of identify {unknown}
 e - 2 scrolls of enchant weapon {unknown}
 g - 6 scrolls of teleportation {unknown}
 j - a scroll of noise {unknown}
 k - 3 scrolls of amnesia {unknown}
 o - a scroll of enchant armour {unknown}
 w - a scroll of random uselessness {unknown}
 z - a scroll of immolation {unknown}
 A - a scroll of fog {unknown}
Potions
 d - a potion of mutation {unknown}
 l - 3 potions of curing {unknown}
 m - a potion of heal wounds {unknown}
 n - 2 potions of degeneration {unknown}
 p - 5 potions of haste {unknown}
 r - a potion of ambrosia {unknown}
 s - a potion of agility {unknown}
 v - a potion of berserk rage {unknown}
 x - a potion of brilliance {unknown}
Comestibles
 b - 10 rations


   Skills:
 + Level 5.4 Fighting
 + Level 7.5 Long Blades
 + Level 5.6 Dodging
 + Level 2.6 Stealth
 + Level 3.1 Shields


You had 7 spell levels left.
You didn't know any spells.
Your spell library was empty.

Dungeon Overview and Level Annotations

Branches:
Dungeon (6/15)             Temple (0/1) D:4

Altars:
Ashenzari
Nemelex Xobeh
Ru
Sif Muna
Wu Jian
Xom

Annotations:
D:6 1 transporter


Innate Abilities, Weirdness & Mutations

You can breathe waves of freezing cold.
You can buffet flying creatures when you breathe cold.
Your icy white scales are hard. (AC +6)
You cannot fit into any form of body armour.
Your flesh is cold resistant. (rC+)
You are cold-blooded and may be slowed by cold attacks.


Message History

The electric eel shoots out a bolt of lightning at you!
The bolt of electricity hits you! x2; The bolt of electricity hits the plant.
There is an open door here.
The electric eel shoots out a bolt of lightning at you!
The bolt of electricity hits you! x2; The bolt of electricity hits the plant!
The electric eel shoots out a bolt of lightning at you!
The bolt of electricity hits you.
The electric eel shoots out a bolt of lightning at you!
The bolt of electricity hits you!
* * * LOW HITPOINT WARNING * * *
You enter the shallow water.
Moving in this stuff is going to be slow.
The electric eel shoots out a bolt of lightning at you!
The bolt of electricity hits you!
* * * LOW HITPOINT WARNING * * *
You hit the electric eel.
The electric eel is moderately wounded.
The electric eel shoots out a bolt of lightning at you!
The bolt of electricity hits you!
You die...

.............#######.#
.............#8.©.8#.#
.............#P./.P#.#
.............###+###.#
##...#.(.....#≈≈≈≈≈#.#
....###......#≈PP≈≈#.#
..####.......#≈≈≈≈≈#.#
...##...##...#≈≈♣;≈#.#
.............#≈≈@P≈#.#
.............#≈...;#.#
...<###>.....#≈...≈#.#
.....#.......###'###.#
.............#P...P#.#
).)..#.......#8.©.8#.#
.....##......#######.#
...........#....©....#
#..........####...####


You could see 2 electric eels.

Vanquished Creatures
  A phantom (D:5)
  4 ogres
  3 bullfrogs (D:6)
  2 scorpions (D:5)
  A howler monkey (D:4)
  A bullfrog zombie (D:5)
  5 orc priests
  A jelly (D:5)
  A centaur skeleton (D:4)
  An iguana (D:6)
  6 orc wizards
  2 worker ants
  A howler monkey zombie (D:5)
  3 gnolls (D:6)
  A howler monkey skeleton (D:5)
  7 adders
  A shadow imp (D:5)
  An adder skeleton (D:4)
  3 worms (D:2)
  4 dart slugs
  2 leopard geckos
  20 orcs
  8 bats
  7 giant cockroaches
  4 goblins
  8 hobgoblins
  8 jackals
  2 quokkas
  5 ball pythons
  6 frilled lizards
  A jackal skeleton (D:5)
  3 kobolds
  A quokka skeleton (D:6)
  10 rats
134 creatures vanquished.

Notes
Turn   | Place    | Note
-------+----------+-------------------------------------------
     0 | D:1      | xveg the Draconian Berserker began the quest for the Orb.
     0 | D:1      | Reached XP level 1. HP: 19/19 MP: 1/1
   115 | D:1      | Reached XP level 2. HP: 26/26 MP: 2/2
   409 | D:1      | Reached XP level 3. HP: 31/33 MP: 3/3
   559 | D:2      | Found a shattered altar of Ashenzari.
   637 | D:2      | Reached ** piety under Trog
   841 | D:2      | Reached XP level 4. HP: 40/40 MP: 4/4
   885 | D:2      | Reached skill level 4 in Long Blades
  1114 | D:2      | Found a sacrificial altar of Ru.
  1321 | D:3      | Reached XP level 5. HP: 12/46 MP: 5/5
  1501 | D:3      | Found a sparkling altar of Nemelex Xobeh.
  2006 | D:3      | Found a shimmering altar of Xom.
  2078 | D:4      | Found a staircase to the Ecumenical Temple.
  2080 | D:4      | Noticed an ogre
  2089 | D:4      | Killed an ogre
  2089 | D:4      | Reached skill level 5 in Long Blades
  2089 | D:4      | Reached skill level 1 in Stealth
  2089 | D:4      | Reached XP level 6. HP: 47/53 MP: 2/6
  2352 | D:4      | Reached *** piety under Trog
  2379 | D:4      | Reached skill level 1 in Shields
  2956 | D:5      | Entered Level 5 of the Dungeon
  3111 | D:5      | Your scales start taking on an icy white colour.
  3111 | D:5      | Reached XP level 7. HP: 42/60 MP: 5/7
  3111 | D:5      | Gained mutation: Your flesh is cold resistant. (rC+) [White
                  | Draconian growth]
  3202 | D:5      | Reached skill level 6 in Long Blades
  3616 | D:5      | Reached skill level 5 in Fighting
  3739 | D:5      | Reached skill level 5 in Dodging
  4117 | D:5      | Reached XP level 8. HP: 31/68 MP: 3/8
  4317 | D:5      | Found an ornate altar of the Wu Jian Council.
  4593 | D:6      | Reached skill level 7 in Long Blades
  4708 | D:6      | Found a deep blue altar of Sif Muna.
  4909 | D:6      | Found a transporter.
  4939 | D:6      | Found a transporter.
  4978 | D:6      | Killed from afar by an electric eel

Skill      XL: |  1  2  3  4  5  6  7  8 |
---------------+-------------------------+-----
Dodging        | 3 4 5 |  5.6
Fighting       | 4 5 |  5.4
Long Blades    | 4 5 6 7 |  7.5
Stealth        | 1 2 |  2.6
Shields        | 1 2 3 |  3.1

Action                   |  1- 3 |  4- 6 |  7- 9 || total
-------------------------+-------+-------+-------++-------
Melee: Falchion          |   101 |   217 |   173 ||   491
       Tailslap          |    13 |    34 |    28 ||    75
Invok: Berserk           |       |     1 |     2 ||     3
       Trog's Hand       |       |     1 |     2 ||     3
 Abil: Breathe Frost     |       |       |     3 ||     3
 Stab: Sleeping          |       |     5 |     2 ||     7
  Eat: Chunk             |       |     1 |       ||     1
       Ration            |       |     2 |     4 ||     6
Armor: Skin              |    26 |    74 |    23 ||   123
Dodge: Dodged            |    71 |   125 |   102 ||   298
Block: Buckler           |       |    57 |    45 ||   102
       Rpst.: Falchion   |    27 |    47 |    43 ||   117
